 Dungeon Crawl Stone Soup version 0.32-a0-630-g46d191b0ed (webtiles) character file.

Game seed: 2157825861514271764

1263 SummerRain the Shooter (level 8, -4/62 HPs)
             Began as a Barachi Hexslinger on Mar 6, 2024.
             Was a Believer of Cheibriados.
             Slain by Pikel
             ... wielding a +1 whip of flaming
              (9 damage)
             ... on level 5 of the Dungeon.
             The game lasted 00:13:18 (5981 turns).

SummerRain the Shooter (Barachi Hexslinger)         Turns: 5981, Time: 00:13:19

Health: -4/62      AC:  3    Str: 14      XL:     8   Next: 52%
Magic:  13/13      EV: 12    Int: 17 (18) God:    Cheibriados [**....]
Gold:   214        SH:  0    Dex: 18 (20) Spells: 2/14 levels left

rFire   + . .        (no weapon)
rCold   + . .        (no shield)
rNeg    . . .        c - +0 robe
rPois   +            (no helmet)
rElec   +            s - +0 cloak
rCorr   +            (no gloves)
SInv    .            (no boots)
Will    .....        (no amulet)
Stlth   +++          (no ring)
HPRegen 0.30/turn    (no ring)
MPRegen 0.13/turn

%: no passive effects
@: mighty, brilliant, resistant, unable to hop, attractive, hasted
A: amphibious, slowness 1, strong legs 1, +LOS
a: Hop, Renounce Religion, Bend Time


You were on level 5 of the Dungeon.
You worshipped Cheibriados.
Cheibriados was pleased with you.
You visited 2 branches of the dungeon, and saw 7 of its levels.

You collected 326 gold pieces.
You spent 112 gold pieces at shops.

Inventory:

Hand Weapons
 a - a +1 sling
Missiles
 m - 3 curare-tipped darts
Armour
 c - a +0 robe (worn)
 s - a +0 cloak (worn)
Scrolls
 b - 2 scrolls of poison
 f - 2 scrolls of teleportation {unknown}
 g - a scroll of brand weapon {unknown}
 k - 2 scrolls of identify {unknown}
 n - 5 scrolls of immolation
 o - 2 scrolls of fear {unknown}
 u - a scroll of summoning {unknown}
 v - 2 scrolls of fog {unknown}
Potions
 d - a potion of enlightenment {unknown}
 e - a potion of ambrosia {unknown}
 h - 2 potions of resistance
 i - a potion of mutation {unknown}
 j - 2 potions of might
 l - 2 potions of degeneration
 q - a potion of haste


   Skills:
 + Level 5.1 Fighting
 * Level 6.2 Ranged Weapons
 - Level 2.1 Dodging
 + Level 3.2 Stealth
 - Level 3.5 Spellcasting
 + Level 4.4 Hexes
 - Level 4.0 Fire Magic


You had 2 spell levels left.
You knew the following spells:

 Your Spells              Type           Power      Damage    Failure   Level
a - Jinxbite              Hex            54%        N/A       4%          2
b - Inner Flame           Hex/Fire       26%        N/A       9%          3
c - Sigil of Binding      Hex            27%        N/A       8%          3
d - Cause Fear            Hex            13%        N/A       26%         4

Your spell library contained the following spells:

 Spells                   Type           Power      Damage    Failure   Level
 Magic Dart               Conj           16%        1d3       17%         1
 Searing Ray              Conj           8%         2d4       26%         2
 Dimensional Bullseye     Hex/Tloc       7%         N/A       54%         4
 Fulminant Prism          Conj/Alch      2%         3d5       86%         4


Dungeon Overview and Level Annotations

Branches:
Dungeon (6/15)             Temple (1/1) D:5

Altars:
Ashenzari
Cheibriados
Dithmenos
Elyvilon
Gozag
Hepliaklqana
Kikubaaqudgha
Makhleb
Nemelex Xobeh
Okawaru
Qazlal
Ru
Sif Muna
Trog
Vehumet
Wu Jian
Xom
Yredelemnul
The Shining One

Shops:
D:1 (((   D:2 (   D:3 *(((   D:5 [

Annotations:
D:5 Pikel


Innate Abilities, Weirdness & Mutations

You are amphibious.
You cover ground slowly.
You can hop short distances.
You have an extended range of vision and can be seen from far away.


Message History

Okay, then.
Pikel is no longer moving quickly.
Pikel attacks as he pursues you! Pikel completely misses you.
Your binding sigil disappears.
Pikel attacks as he pursues you!
Pikel hits you with a +1 whip of flaming.
* * * LOW HITPOINT WARNING * * *
Hop to where?
Press: ? - help, Dir - move target Boing!
Pikel attacks as he pursues you! Pikel barely misses you.
Pikel says, "Hell isn't that bad."
Pikel attacks as he pursues you!
Pikel hits you with a +1 whip of flaming.
* * * LOW HITPOINT WARNING * * *
Pikel burns you.
* * * LOW HITPOINT WARNING * * *
Pikel cracks his whip.
Pikel hits you with a +1 whip of flaming!
* * * LOW HITPOINT WARNING * * *
Pikel burns you.
* * * LOW HITPOINT WARNING * * *
Casting: Sigil of Binding (dangerous; 8% risk of failure)
Confirm with . or Enter, or press ? or * to list all spells.
Okay, then.
Okay, then.
Unknown command.
Okay, then.
It was a potion of brilliance.
You feel clever all of a sudden.
Unknown command.
It was a potion of magic.
Magic courses through your body. Pikel misses you.
Unknown command.
Okay, then.
It was a potion of attraction.
You feel attractive to monsters.
Pikel hits you with a +1 whip of flaming!
You die...
Pikel says, "See you in Hell!"
Cheibriados appreciates the motionlessness of death.

............###.......##
..........#..#.........# ###
.<........#..#.........###.#
........................##.#
.........(..............##.#
#########...............#.##
####.....<...[....# #####
##.............##
##...#####..@..........#
##.......###K........####
##...................##
#...................##
#..................##
#..............♣..(#
#............#...♣.##
#...........##......#
##(........###......##


You could see Pikel.

Vanquished Creatures
  Sigmund (D:5)
  An orc warrior (D:5)
  An ice beast (D:5)
  A centaur (D:5)
  Blork the orc (D:5)
  A scorpion (D:5)
  A howler monkey (D:4)
  2 bombardier beetles
  A quasit (D:5)
  3 hounds
  A jelly (D:5)
  2 orc priests
  Crazy Yiuf (D:3)
  An iguana (D:5)
  2 orc wizards
  5 gnolls
  3 adders
  5 shadow imps (D:5)
  3 white imps (D:5)
  9 ufetubi (D:5)
  2 dart slugs
  A ribbon worm (D:3)
  15 orcs
  10 ball pythons
  6 endoplasms
  A giant cockroach (D:1)
  8 goblins
  5 hobgoblins
  4 kobolds
  4 quokkas
  8 bats
  8 frilled lizards
  2 rats
119 creatures vanquished.

Vanquished Creatures (others)
  A butterfly (D:5)
1 creature vanquished.

Grand Total: 120 creatures vanquished

Notes
Turn   | Place    | Note
-------+----------+-------------------------------------------
     0 | D:1      | SummerRain the Barachi Hexslinger began the quest for the
                  | Orb.
     0 | D:1      | Reached XP level 1. HP: 15/15 MP: 2/2
   123 | D:1      | Reached XP level 2. HP: 21/21 MP: 3/3
   126 | D:1      | Learned a level 2 spell: Jinxbite
   254 | D:1      | Reached skill level 1 in Stealth
   405 | D:1      | Reached skill level 3 in Ranged Weapons
   637 | D:1      | Reached XP level 3. HP: 26/26 MP: 4/4
   700 | D:1      | Found Koreg's Weapon Boutique.
   748 | D:1      | Found Hil Faos's Weapon Shop.
   767 | D:1      | Found Vuwk's Antique Weapon Emporium.
   911 | D:2      | Found Quahij's Weapon Shop.
  1387 | D:2      | Reached skill level 4 in Ranged Weapons
  1387 | D:2      | Reached XP level 4. HP: 32/32 MP: 2/5
  1468 | D:2      | Learned a level 3 spell: Inner Flame
  1657 | D:3      | Found Kefruote's Assorted Antiques.
  1748 | D:3      | Bought a smoky golden potion for 17 gold pieces
  1748 | D:3      | Bought a scroll labelled BEZ UGEAXAUCUN for 19 gold pieces
  1748 | D:3      | Bought a scroll labelled JEKHLI YLYRUS for 19 gold pieces
  1748 | D:3      | Bought a scroll labelled TEVVABL ZUSH for 19 gold pieces
  1748 | D:3      | Bought a scroll labelled TEVVABL ZUSH for 19 gold pieces
  1748 | D:3      | Bought a scroll labelled WUGGUN HAYR for 19 gold pieces
  1808 | D:3      | Reached XP level 5. HP: 38/38 MP: 2/7
  1986 | D:3      | Found a transporter.
  2125 | D:3      | Found Tuirriop's Antique Weapon Boutique.
  2151 | D:3      | Found an opulent altar of Gozag.
  2162 | D:3      | Found an iron altar of Okawaru.
  2281 | D:3      | Found a faded altar of an unknown god.
  2423 | D:3      | Found Bousig's Antique Weapon Emporium.
  2481 | D:3      | Found a runed translucent door.
  2482 | D:3      | Noticed Crazy Yiuf
  2515 | D:3      | Found a sacrificial altar of Ru.
  2525 | D:3      | Found a radiant altar of Vehumet.
  2526 | D:3      | Found a broken altar of Ashenzari.
  2528 | D:3      | Found a sparkling altar of Nemelex Xobeh.
  2528 | D:3      | Found a stormy altar of Qazlal.
  2529 | D:3      | Found a snail-covered altar of Cheibriados.
  2536 | D:3      | Found a glowing golden altar of the Shining One.
  2551 | D:3      | Became a worshipper of Cheibriados the Contemplative
  2658 | D:3      | Found Vutrowko's Antique Weapon Shoppe.
  2772 | D:3      | Found a transporter.
  2968 | D:3      | Reached XP level 6. HP: 46/46 MP: 3/9
  3075 | D:3      | Learned a level 3 spell: Sigil of Binding
  3081 | D:3      | Killed Crazy Yiuf
  4118 | D:5      | Entered Level 5 of the Dungeon
  4173 | D:5      | Found Cicweol's Distillery.
  4180 | D:5      | Found a staircase to the Ecumenical Temple.
  4206 | D:5      | Reached * piety under Cheibriados
  4207 | D:5      | Reached XP level 7. HP: 50/52 MP: 7/10
  4216 | Temple   | Entered the Ecumenical Temple
  4543 | D:5      | Reached skill level 5 in Ranged Weapons
  4809 | D:5      | Found a shimmering blue altar of Sif Muna.
  4870 | D:5      | Noticed Sigmund
  4874 | D:5      | Killed Sigmund
  4875 | D:5      | Reached XP level 8. HP: 61/61 MP: 8/12
  5176 | D:5      | Found Edesk's Armour Boutique.
  5350 | D:5      | Reached skill level 5 in Fighting
  5350 | D:5      | Reached skill level 6 in Ranged Weapons
  5381 | D:5      | Noticed Blork the orc
  5395 | D:5      | Killed Blork the orc
  5411 | D:5      | Reached ** piety under Cheibriados
  5420 | D:5      | Learned a level 4 spell: Cause Fear
  5710 | D:5      | Found a white marble altar of Elyvilon.
  5943 | D:6      | Noticed Pikel
  5981 | D:5      | Slain by Pikel

Illustrated notes

Levels and vault maps discovered:
D:1:      psy_arrival_radial01, layout_loops_ring, serial_shops,
          nicolae_shop_window_shopping, nicolae_lakefront_shop,
          nicolae_shop_bloodbath_and_beyond
D:2:      layout_rooms, serial_shops, shop, hangedman_decor_growths,
          minmay_door_square, minmay_pentomino_pile
D:3:      layout_basic, amethyst_overflow_temple_binary,
          nicolae_overflow_hallway_of_the_gods,
          shapermc_ecumenical_altar_mp_vishouse, serial_shops,
          nicolae_shop_real_fake_doors, nicolae_shop_crystal,
          nicolae_shop_dealshenge, nicolae_shop_drivethru,
          uniq_crazy_yiuf_cottage
D:4:      layout_basic
D:5:      layout_cave_pods, lemuel_blue_sif_altar,
          nicolae_elyvilon_peaceful_grove, minmay_temple_entry_slanted,
          serial_demonic, serial_demonic_d, serial_demonic_e, serial_demonic_c,
          serial_demonic_d, serial_demonic_b, serial_demonic_a, serial_shops,
          nicolae_shop_peninsula, nicolae_stop_n_shop_1, uniq_sigmund,
          uniq_blork_the_orc
D:6:      layout_rooms, nicolae_shop_self_help, uniq_pikel, uniq_maggie,
          uniq_menkaure
Temple:   hellmonk_temple_forest_ring

Skill      XL: |  1  2  3  4  5  6  7  8 |
---------------+-------------------------+-----
Stealth        | 1 2 3 |  3.2
Ranged Weapons | 3 4 5 6 |  6.2
Fire Magic     | 3 4 |  4.0
Fighting       | 2 3 4 5 |  5.1
Spellcasting   | 2 3 |  3.5
Hexes          | 4 |  4.4
Dodging        | |  2.1

Action                     |  1- 3 |  4- 6 |  7- 9 || total
---------------------------+-------+-------+-------++-------
  Melee: Unarmed           |       |       |     1 ||     1
   Fire: Sling             |    81 |   134 |   144 ||   359
   Cast: Jinxbite          |     7 |    20 |    11 ||    38
         Inner Flame       |       |     6 |     9 ||    15
         Sigil of Binding  |       |     1 |     2 ||     3
Ability: Hop               |       |     4 |     6 ||    10
    Use: Potion            |       |     1 |    10 ||    11
         Scroll            |       |     1 |       ||     1
 Armour: Robe              |    11 |    43 |    92 ||   146
  Dodge: Dodged            |    11 |    26 |    88 ||   125

Table legend: (Time is in decaauts)
 A = Elapsed time spent in this place.
 B = Non-inter-level travel time spent in this place.
 C = Inter-level travel time spent in this place.
 D = Time resting spent in this place.
 E = Time spent auto-exploring this place.
 F = Levels seen in this place.
 G = Mean time per level.
                   A        B        C        D        E       F      G
               +--------+--------+--------+--------+--------+-----+--------+
         Total |   7576 |   7121 |    455 |    871 |   5230 |   7 | 1082.3 |
       Dungeon |   7386 |   6931 |    455 |    718 |   5230 |   6 | 1231.0 |
        Temple |    190 |    190 |      0 |    153 |      0 |   1 |  190.0 |
               +--------+--------+--------+--------+--------+-----+--------+

Top non-repeatable levels by time:
     D:5: 2178 daAuts
     D:3: 1975 daAuts
     D:4: 1163 daAuts
     D:2: 1022 daAuts
     D:1: 1015 daAuts
  Temple: 190 daAuts
     D:6: 30 daAuts
